3A
YORK REVOLUTION @ KENNESAW JETS
05/30/2025
 
TOP OF THE 1ST
York Revolution batting - Pitching for Kennesaw Jets : RHP Renaud Cesaresco
Pitching: RHP Renaud Cesaresco
Batting: RHB Francisco Rodríguez 0-0: Called Strike
0-1: Foul Ball, location: 2F
0-2: Ball
1-2: Strikes out swinging, 2-3 out at first.
Batting: RHB Martín Placido 0-0: Called Strike
0-1: Ground out 6-3 (Groundball, 6)
Batting: LHB Arturo Aguilar 0-0: SINGLE (Groundball, 4MS) (infield hit)
Batting: RHB Jorge Estrada 0-0: Called Strike
0-1: Fielders Choice at 2nd, 4-6 (Groundball, 4)
Top of the 1st over - 0 run(s), 1 hit(s), 0 error(s), 0 left on base; York 0 - Kennesaw 0
BOTTOM OF THE 1ST
Kennesaw Jets batting - Pitching for York Revolution : RHP Matthew Lydick
Pitching: RHP Matthew Lydick
Batting: RHB Ernesto López 0-0: Ball
1-0: Called Strike
1-1: Foul Ball, location: 2F
1-2: Ball
2-2: DOUBLE (Line Drive, 9LM)
Batting: RHB Héctor Amador 0-0: Foul Ball, location: 2F
0-1: Ball
1-1: Ball
2-1: Ground out 5-3 (Groundball, 56S)
Ernesto López to third
Batting: RHB Chase Mooney 0-0: Fly out, F9 (Flyball, 9)
Runner from 3rd tags up, SCORES, no throw
Batting: LHB Raúl Godines 0-0: Ball
1-0: Called Strike
1-1: Foul Ball, location: 2F
1-2: Ball
2-2: Strikes out swinging
Bottom of the 1st over - 1 run(s), 1 hit(s), 0 error(s), 0 left on base; York 0 - Kennesaw 1
TOP OF THE 2ND
York Revolution batting - Pitching for Kennesaw Jets : RHP Renaud Cesaresco
Batting: LHB Harold Wiggins 0-0: Ball
1-0: Ground out 6-3 (Groundball, 6)
Batting: RHB Edgardo Bello 0-0: Called Strike
0-1: Foul Ball, location: 2F
0-2: Fly out, F8 (Flyball, 8LM)
Batting: SHB Mario Domondón 0-0: Called Strike
0-1: Ball
1-1: Foul Ball, location: 2F
1-2: Ball
2-2: Foul Ball, location: 2F
2-2: Strikes out swinging
Top of the 2nd over - 0 run(s), 0 hit(s), 0 error(s), 0 left on base; York 0 - Kennesaw 1
BOTTOM OF THE 2ND
Kennesaw Jets batting - Pitching for York Revolution : RHP Matthew Lydick
Batting: RHB Roy McFerran 0-0: Foul Ball, location: 2F
0-1: Fly out, F7 (Flyball, 7LMF)
Batting: RHB Daniel Métivier 0-0: Ball
1-0: Ball
2-0: Called Strike
2-1: Swinging Strike
2-2: Fly out, F4 (Line Drive, 4)
Batting: RHB Jeffrey Jones 0-0: Ball
1-0: Called Strike
1-1: Called Strike
1-2: Ball
2-2: Foul Ball, location: 2F
2-2: Foul Ball, location: 2F
2-2: Ball
3-2: Ground out 4-3 (Groundball, 4)
Bottom of the 2nd over - 0 run(s), 0 hit(s), 0 error(s), 0 left on base; York 0 - Kennesaw 1
TOP OF THE 3RD
York Revolution batting - Pitching for Kennesaw Jets : RHP Renaud Cesaresco
Batting: RHB Donald Perry 0-0: Called Strike
0-1: Swinging Strike
0-2: Ball
1-2: Foul Ball, location: 2F
1-2: Ball
2-2: Strikes out swinging
Batting: LHB Chip Garner 0-0: Called Strike
0-1: Swinging Strike
0-2: Foul Ball, location: 2F
0-2: Ball
1-2: Strikes out swinging
Batting: RHB Francisco Rodríguez 0-0: Ball
1-0: Ground out 5-3 (Groundball, 56)
Top of the 3rd over - 0 run(s), 0 hit(s), 0 error(s), 0 left on base; York 0 - Kennesaw 1
BOTTOM OF THE 3RD
Kennesaw Jets batting - Pitching for York Revolution : RHP Matthew Lydick
Batting: RHB Christopher Pabst 0-0: Fly out, F4 (Line Drive, 4)
Batting: RHB Marc Beck 0-0: Fly out, F9 (Flyball, 9LSF)
Batting: RHB Ernesto López 0-0: Ball
1-0: Ball
2-0: Ball
3-0: Called Strike
3-1: Called Strike
3-2: TRIPLE (Line Drive, 3L)
Batting: RHB Héctor Amador 0-0: Swinging Strike
0-1: Ball
1-1: Ball
2-1: SINGLE (Line Drive, 7S)
Ernesto López scores
Batting: RHB Chase Mooney 0-0: Ball
1-0: Ball
2-0: SINGLE (Line Drive, 78M)
Héctor Amador to second
Batting: LHB Raúl Godines 0-0: Ball
1-0: Ball
2-0: Called Strike
2-1: Ball
3-1: Fly out, F4 (Popup, 4D)
Bottom of the 3rd over - 1 run(s), 3 hit(s), 0 error(s), 2 left on base; York 0 - Kennesaw 2
TOP OF THE 4TH
York Revolution batting - Pitching for Kennesaw Jets : RHP Renaud Cesaresco
Batting: RHB Martín Placido 0-0: Ball
1-0: Ground out 6-3 (Groundball, 6D)
Batting: LHB Arturo Aguilar 0-0: Ball
1-0: Ball
2-0: Ball
3-0: Called Strike
3-1: DOUBLE (Flyball, 89M)
Batting: RHB Jorge Estrada 0-0: Called Strike
0-1: Ball
1-1: Swinging Strike
1-2: Ball
2-2: Strikes out swinging
Batting: LHB Harold Wiggins 0-0: Ball
1-0: Called Strike
1-1: Called Strike
1-2: Strikes out swinging
Top of the 4th over - 0 run(s), 1 hit(s), 0 error(s), 1 left on base; York 0 - Kennesaw 2
BOTTOM OF THE 4TH
Kennesaw Jets batting - Pitching for York Revolution : RHP Matthew Lydick
Batting: RHB Roy McFerran 0-0: Swinging Strike
0-1: Fly out, F9 (Flyball, 89S)
Batting: RHB Daniel Métivier 0-0: Foul Ball, location: 2F
0-1: Ground out 5-3 (Groundball, 56)
Batting: RHB Jeffrey Jones 0-0: Ball
1-0: Ground out 5-3 (Groundball, 5S)
Bottom of the 4th over - 0 run(s), 0 hit(s), 0 error(s), 0 left on base; York 0 - Kennesaw 2
TOP OF THE 5TH
York Revolution batting - Pitching for Kennesaw Jets : RHP Renaud Cesaresco
Batting: RHB Edgardo Bello 0-0: Foul Ball, location: 2F
0-1: Ground out 4-3 (Groundball, 4M)
Batting: SHB Mario Domondón 0-0: Ball
1-0: Foul Ball, location: 2F
1-1: Foul Ball, location: 2F
1-2: Ground out 5-3 (Groundball, 56)
Batting: RHB Donald Perry 0-0: Ball
1-0: Called Strike
1-1: Swinging Strike
1-2: Ground out 4-3 (Groundball, 4)
Top of the 5th over - 0 run(s), 0 hit(s), 0 error(s), 0 left on base; York 0 - Kennesaw 2
BOTTOM OF THE 5TH
Kennesaw Jets batting - Pitching for York Revolution : RHP Matthew Lydick
Batting: RHB Christopher Pabst 0-0: Called Strike
0-1: Called Strike
0-2: Ball
1-2: Ball
2-2: Ball
3-2: Strikes out swinging
Batting: RHB Marc Beck 0-0: Ball
1-0: Ball
2-0: Called Strike
2-1: Fly out, F6 (Popup, 6M)
Batting: RHB Ernesto López 0-0: Ground out 4-3 (Groundball, 34)
Bottom of the 5th over - 0 run(s), 0 hit(s), 0 error(s), 0 left on base; York 0 - Kennesaw 2
TOP OF THE 6TH
York Revolution batting - Pitching for Kennesaw Jets : RHP Renaud Cesaresco
Batting: LHB Chip Garner 0-0: Swinging Strike
0-1: Reached on error, E4 (Groundball, 34)
Batting: RHB Francisco Rodríguez 0-0: Ball
1-0: Foul Ball, location: 2F
1-1: Called Strike
1-2: SINGLE (Flyball, 7S)
Chip Garner to third
Batting: RHB Martín Placido 0-0: Ball
1-0: Swinging Strike
1-1: Ball
2-1: Swinging Strike
2-2: Foul Ball, location: 2F
2-2: Strikes out looking
Batting: LHB Arturo Aguilar 0-0: Called Strike
0-1: Ball
1-1: Ball
2-1: Ball
3-1: Swinging Strike
3-2: Foul Ball, location: 2F
3-2: Foul Ball, location: 2F
3-2: Strikes out swinging
Francisco Rodríguez steals 2nd base
Batter strikes out.
Batting: RHB Jorge Estrada 0-0: Ball
1-0: Fly out, F9 (Flyball, 9LS)
Top of the 6th over - 0 run(s), 1 hit(s), 1 error(s), 2 left on base; York 0 - Kennesaw 2
BOTTOM OF THE 6TH
Kennesaw Jets batting - Pitching for York Revolution : RHP Matthew Lydick
Batting: RHB Héctor Amador 0-0: SINGLE (Line Drive, 9S)
Batting: RHB Chase Mooney 0-0: Called Strike
0-1: Called Strike
0-2: Ball
1-2: Strikes out looking
Batting: LHB Raúl Godines 0-0: Ball
1-0: Called Strike
1-1: 2-RUN HOME RUN (Line Drive, 9D), Distance : 333 ft
Batting: RHB Roy McFerran 0-0: Ground out 5-3 (Groundball, 5S)
Batting: RHB Daniel Métivier 0-0: Fly out, F9 (Flyball, 9LM)
Bottom of the 6th over - 2 run(s), 2 hit(s), 0 error(s), 0 left on base; York 0 - Kennesaw 4
TOP OF THE 7TH
York Revolution batting - Pitching for Kennesaw Jets : RHP Renaud Cesaresco
Batting: LHB Harold Wiggins 0-0: Called Strike
0-1: Ball
1-1: Swinging Strike
1-2: Strikes out swinging
Batting: RHB Edgardo Bello 0-0: Called Strike
0-1: Foul Ball, location: 2F
0-2: Strikes out swinging
Batting: SHB Mario Domondón 0-0: Swinging Strike
0-1: Ball
1-1: SINGLE (Groundball, 34D)
Batting: RHB Donald Perry 0-0: Swinging Strike
0-1: Ball
1-1: Ball
2-1: Foul Ball, location: 2F
2-2: Fly out, F8 (Flyball, 89M)
Top of the 7th over - 0 run(s), 1 hit(s), 0 error(s), 1 left on base; York 0 - Kennesaw 4
BOTTOM OF THE 7TH
Kennesaw Jets batting - Pitching for York Revolution : RHP Matthew Lydick
Batting: RHB Jeffrey Jones 0-0: Ground out 4-3 (Groundball, 4)
Batting: RHB Christopher Pabst 0-0: Ball
1-0: Foul Ball, location: 2F
1-1: Foul Ball, location: 2F
1-2: Fly out, F4 (Popup, 4D)
Batting: RHB Marc Beck 0-0: Ball
1-0: Swinging Strike
1-1: Foul Ball, location: 2F
1-2: Ground out 5-3 (Groundball, 56)
Bottom of the 7th over - 0 run(s), 0 hit(s), 0 error(s), 0 left on base; York 0 - Kennesaw 4
TOP OF THE 8TH
York Revolution batting - Pitching for Kennesaw Jets : RHP Renaud Cesaresco
Batting: LHB Chip Garner 0-0: Ball
1-0: SINGLE (Flyball, 7LS)
Pitching: LHP Josh Gilbert
Batting: RHB Francisco Rodríguez 0-0: Ball
1-0: Foul Ball, location: 2F
1-1: Foul Ball, location: 2F
1-2: Foul Ball, location: 2F
1-2: Ball
2-2: Fielders Choice at 2nd, 5-4 (Groundball, 56)
Batting: RHB Martín Placido 0-0: Swinging Strike
0-1: Ball
1-1: Swinging Strike
1-2: Ground out 4-3 (Groundball, 34)
Francisco Rodríguez to second
Batting: LHB Arturo Aguilar 0-0: Ground out 6-3 (Groundball, 6M)
Top of the 8th over - 0 run(s), 1 hit(s), 0 error(s), 1 left on base; York 0 - Kennesaw 4
BOTTOM OF THE 8TH
Kennesaw Jets batting - Pitching for York Revolution : RHP Matthew Lydick
Batting: RHB Ernesto López 0-0: Ground out 6-3 (Groundball, 6)
Batting: RHB Héctor Amador 0-0: Ball
1-0: Called Strike
1-1: Called Strike
1-2: Foul Ball, location: 2F
1-2: SINGLE (Line Drive, 5L)
Batting: RHB Chase Mooney 0-0: Called Strike
Héctor Amador steals 2nd base
0-1: Ball
1-1: Fly out, F1 (Line Drive, 13S)
Batting: LHB Raúl Godines 0-0: Fly out, F9 (Flyball, 9)
Bottom of the 8th over - 0 run(s), 1 hit(s), 0 error(s), 1 left on base; York 0 - Kennesaw 4
TOP OF THE 9TH
York Revolution batting - Pitching for Kennesaw Jets : LHP Josh Gilbert
Batting: RHB Jorge Estrada 0-0: Swinging Strike
0-1: SINGLE (Groundball, 6D)
Batting: LHB Harold Wiggins 0-0: Called Strike
0-1: Foul Ball, location: 2F
0-2: Grounds out, U3 (Groundball, 3L)
Batting: RHB Edgardo Bello 0-0: Called Strike
0-1: Foul Ball, location: 2F
0-2: Foul Ball, location: 2F
0-2: Ball
1-2: Ball
2-2: SINGLE (Groundball, 4MD)
Jorge Estrada to third
Runner from 3rd tries for Home, SAFE, no throw
Pitching: RHP Pedro Aguilar
Batting: SHB Mario Domondón 0-0: Ball
1-0: Ground out 4-3 (Groundball, 34)
Edgardo Bello to second
Batting: RHB Donald Perry 0-0: Called Strike
0-1: Foul Ball, location: 2F
0-2: Strikes out swinging
Top of the 9th over - 1 run(s), 2 hit(s), 0 error(s), 1 left on base; York 1 - Kennesaw 4
Friday, December 30th, 2016 - OOTP Baseball 17.12 Build 75